 Dungeon Crawl Stone Soup version 0.30-b1-2-g02819fbbbe (webtiles) character file.

Game seed: 1948515239665736930

77 Ntrails the Trooper (level 4, -2/38 HPs)
             Began as a Minotaur Hexslinger on Nov 4, 2023.
             Slain by a cerulean imp
             ... wielding a +2 spear
             ... summoned by Natasha
              (3 damage)
             ... on level 2 of the Dungeon.
             The game lasted 00:09:07 (1667 turns).

Ntrails the Trooper (Minotaur Hexslinger)           Turns: 1667, Time: 00:09:07

Health: -2/38      AC:  2    Str: 17    XL:     4   Next: 13%
Magic:  4/4        EV: 12    Int: 10    God:
Gold:   114        SH:  0    Dex: 10    Spells: 4/5 levels left

rFire   . . .        a - +1 sling
rCold   . . .        (no shield)
rNeg    . . .        c - +0 robe
rPois   .            (helmet restricted)
rElec   .            (no cloak)
rCorr   .            (no gloves)
SInv    .            (no boots)
Will    .....        (no amulet)
Stlth   +            (no ring)
HPRegen 0.26/turn    (no ring)
MPRegen 0.09/turn

%: no passive effects
@: slowed, very slow
A: horns 2, retaliatory headbutt
a: no special abilities


You were on level 2 of the Dungeon.
You visited 1 branch of the dungeon, and saw 2 of its levels.

You collected 114 gold pieces.


Innate Abilities, Weirdness & Mutations

You have a pair of horns on your head.
You reflexively headbutt those who attack you in melee.


   Skills:
 + Level 3.5 Fighting
 + Level 3.1 Ranged Weapons
 - Level 1.0 Armour
 + Level 2.5 Dodging
 + Level 0.5 Stealth
 - Level 1.0 Spellcasting
 - Level 2.0 Hexes


You had 4 spell levels left.
You knew the following spells:

 Your Spells              Type           Power      Damage    Failure   Level
s - Slow                  Hex            16%        N/A       16%         1

Your spell library contained the following spells:

 Spells                   Type           Power      Damage    Failure   Level
 Inner Flame              Hex/Fire       2%         N/A       56%         3
 Portal Projectile        Hex/Tloc       4%         N/A       56%         3
 Cause Fear               Hex            2%         N/A       83%         4

Inventory:

Hand Weapons
 a - a +1 sling (weapon)
 g - a +0 whip
   (You took it off a kobold on level 1 of the Dungeon)
 i - a +0 flail
   (You found it on level 1 of the Dungeon)
Missiles
 d - 26 stones
Armour
 c - a +0 robe (worn)
 n - a scarf of harm
   (You found it on level 2 of the Dungeon)
Scrolls
 b - a scroll of poison {!r}
 f - 2 scrolls of identify {unknown}
 j - a scroll of amnesia {unknown}
 k - a scroll of enchant weapon {unknown}
 l - a scroll of fog {unknown}
 m - a scroll of enchant armour {unknown}
 p - a scroll of vulnerability {unknown}
Potions
 e - a potion of resistance {unknown}
 h - a potion of heal wounds {unknown}

Dungeon Overview and Level Annotations

Branches:
Dungeon (2/15) Zot: 10298

Altars:

Shops:
D:2 (

Annotations:
D:2 Natasha

.# ##....#####.####...#<# #..#
.# #...........# #.....# #..#
.# #.###.......# ##).### #..#
.# #.##..####..### #..# #..#
.# #.#...........# #..# #..#
.###.##.####...#.# #..# #..#
..##.##.# #...#.# #..# #..#
.....##.####..5#.###..# #..#
..#............h@5....# #..#
.###...........#......#####..#
...>....####.#.######........#
######### #.#.# #.#####.##
#...# #.......# #####
#########


You could see Natasha and 2 cerulean imps.


Message History

You shoot a sling bullet. The sling bullet hits the bat!
You kill the bat! 😎 HP[+1]
Your hp is fully restored (38).
Found a stone staircase leading down.
No target in view!
p - a scroll labelled CUGINU KIOMAIL
Found a stone staircase leading down.
There is a stone staircase leading down here.
A ball python comes into view.
You shoot a sling bullet.
The sling bullet hits the ball python but does no damage.
The ball python hisses angrily.
You shoot a sling bullet. The sling bullet hits the ball python.
You shoot a sling bullet. The sling bullet hits the ball python!
You kill the ball python!
There is a stone staircase leading up here.
You see here the felid skeleton of Natasha.
Found an escape hatch in the floor.
There is an escape hatch in the floor here.
A quokka comes into view.
You shoot a sling bullet. The sling bullet hits the quokka.
You shoot a sling bullet. The sling bullet hits the quokka.
You kill the quokka!
No target in view!
d - 26 stones (gained 5) Done exploring.
Done exploring.
There is a stone staircase leading up here.
There is an entrance to Siff's Antique Weapon Emporium here.
There is a stone staircase leading down here.
You see here a +0 dagger.
Natasha, Servant of Life and Death comes into view.
You shoot a sling bullet.
Natasha hisses angrily.
The sling bullet hits Natasha.
You shoot a sling bullet.
The sling bullet closely misses Natasha.
You shoot a sling bullet. The sling bullet hits Natasha.
You shoot a sling bullet.
The sling bullet completely misses Natasha.
Natasha casts a spell.
Fire: a) +1 sling
Press: ? - help, Q - select action, (/) - cycle Shift-Dir - straight line, f/p - Natasha
Aim: Natasha (moderately wounded, 47% to hit)
You shoot a sling bullet. The sling bullet barely misses Natasha.
Natasha claws you!
The cerulean imp hits you with a +2 spear. 😮 HP[-12]
You take 12 damage, and now have 26/38 hp.
MASSIVE DAMAGE!! (PAUSE) Fire: a) +1 sling
Press: ? - help, Q - select action, (/) - cycle Shift-Dir - straight line, f/p - Natasha
Aim: Natasha (moderately wounded, 47% to hit)
You shoot a sling bullet.
The sling bullet closely misses Natasha.
Natasha casts a spell.
The cerulean imp hits you with a +2 spear. 😮 HP[-3]
You take 3 damage, and now have 23/38 hp.
Fire: a) +1 sling
Press: ? - help, Q - select action, (/) - cycle Shift-Dir - straight line, f/p - Natasha
Aim: Natasha (moderately wounded, 47% to hit)
You shoot a sling bullet.
The sling bullet completely misses Natasha.
Natasha barely misses you.
The cerulean imp hits you with a +2 spear.
The cerulean imp hits you from afar with a +0 spear.
Natasha casts a spell at you.
You feel yourself slow down. 😮 HP[-3]
You take 3 damage, and now have 20/38 hp.
Fire: a) +1 sling
Press: ? - help, Q - select action, (/) - cycle Shift-Dir - straight line, f/p - Natasha
Aim: Natasha (moderately wounded, 47% to hit)
You shoot a sling bullet.
The sling bullet closely misses Natasha.
The cerulean imp closely misses you.
The cerulean imp hits you but does no damage.
Natasha claws you.
* * * LOW HITPOINT WARNING * * *
The cerulean imp closely misses you.
The cerulean imp hits you from afar with a +0 spear.
* * * LOW HITPOINT WARNING * * *
Natasha casts a spell at you. The magic dart hits you!
* * * LOW HITPOINT WARNING * * *
😱 HP[-12]
You take 12 damage, and now have 8/38 hp.
MASSIVE DAMAGE!! (PAUSE) It was a potion of curing.
You feel better.
The cerulean imp hits you with a +2 spear.
* * * LOW HITPOINT WARNING * * *
The cerulean imp hits you from afar with a +0 spear.
* * * LOW HITPOINT WARNING * * *
Natasha stares at you and mumbles some strange words.
The magic dart hits you.
* * * LOW HITPOINT WARNING * * *
The cerulean imp hits you with a +2 spear.
You die...

Skill      XL: |  1  2  3  4 |
---------------+-------------+-----
Fighting       | 2 3 |  3.5
Ranged Weapons | 3 |  3.1
Armour         | 1 |  1.0
Dodging        | |  2.5
Stealth        | |  0.5
Spellcasting   | |  1.0
Hexes          | |  2.0

Action                     |  1- 3 |  4- 6 || total
---------------------------+-------+-------++-------
   Fire: Sling             |   104 |    23 ||   127
    Use: Potion            |       |     1 ||     1
 Armour: Robe              |     5 |     1 ||     6
  Dodge: Dodged            |    23 |     7 ||    30

Levels and vault maps discovered:
D:1:      wander_arrival_estate, layout_basic
D:2:      layout_loops_ring, serial_shops, shop, uniq_natasha

Notes
Turn   | Place    | Note
-------+----------+-------------------------------------------
     0 | D:1      | Ntrails the Minotaur Hexslinger began the quest for the
                  | Orb.
     0 | D:1      | Reached XP level 1. HP: 16/16 MP: 1/1
     0 | D:1      | magus.rc [v1.11.6]
   355 | D:1      | Reached skill level 2 in Fighting
   360 | D:1      | Reached XP level 2. HP: 24/24 MP: 2/2
   616 | D:1      | magus.rc [v1.11.6]
   758 | D:1      | Reached skill level 3 in Fighting
   837 | D:1      | Reached XP level 3. HP: 31/31 MP: 3/3
  1180 | D:2      | Found Siff's Antique Weapon Emporium.
  1210 | D:2      | Reached skill level 3 in Ranged Weapons
  1237 | D:2      | Noticed Natasha
  1258 | D:2      | Killed Natasha
  1259 | D:2      | Reached XP level 4. HP: 30/38 MP: 4/4
  1267 | D:2      | Reached skill level 1 in Armour
  1658 | D:2      | Noticed Natasha
  1666 | D:2      | HP: 8/38 [Natasha/magic dart (9)]
  1667 | D:2      | HP: 1/38 [Natasha/magic dart (6)]
  1667 | D:2      | Slain by a cerulean imp

Vanquished Creatures
  Natasha (D:2)
  A dart slug (D:2)
  4 ball pythons
  5 endoplasms
  2 giant cockroaches (D:1)
  4 goblins (D:1)
  4 hobgoblins
  3 jackals (D:2)
  2 quokkas (D:2)
  8 bats
  4 frilled lizards (D:1)
  5 kobolds
  4 rats
47 creatures vanquished.

Table legend:
 A = Non-vault XP
 B = Vault XP
 C = Vault XP percentage of total XP
 D = Non-vault monster count
 E = Vault monster count
 F = Vault count percentage of total count
                 A         B        C        D         E       F
            +---------+---------+-------+---------+---------+-------
      Total |      75 |      35 |  31.8 |      46 |       1 |   2.1
            +---------+---------+-------+---------+---------+-------
        D:1 |      42 |       0 |   0.0 |      26 |       0 |   0.0
        D:2 |      33 |      35 |  51.5 |      20 |       1 |   4.8
            +---------+---------+-------+---------+---------+-------

Skill      XL: |  1  2  3  4 |
---------------+-------------+-----
Fighting       | 2 3 |  3.5
Ranged Weapons | 3 |  3.1
Armour         | 1 |  1.0
Dodging        | |  2.5
Stealth        | |  0.5
Spellcasting   | |  1.0
Hexes          | |  2.0

Action                     |  1- 3 |  4- 6 || total
---------------------------+-------+-------++-------
   Fire: Sling             |   104 |    23 ||   127
    Use: Potion            |       |     1 ||     1
 Armour: Robe              |     5 |     1 ||     6
  Dodge: Dodged            |    23 |     7 ||    30

Illustrated notes

Table legend:
 A = Kills in this place as a percentage of kills in the entire game.
 B = Kills by you in this place as a percentage of kills by you in the entire game.
 C = Kills by friends in this place as a percentage of kills by friends in the entire game.
 D = Other kills in this place as a percentage of other kills in the entire game.
 E = Experience gained in this place as a percentage of experience gained in the entire game.
 F = Experience gained in this place divided by the number of levels of this place that you have seen.
                   A       B       C       D       E      F
               +-------+-------+-------+-------+-------+----------------------
         Total | 100.0 | 100.0 |   N/A |   N/A | 100.0 |  55.0
       Dungeon | 100.0 | 100.0 |   N/A |   N/A | 100.0 |  55.0
               +-------+-------+-------+-------+-------+----------------------

Table legend: (Time is in decaauts)
 A = Elapsed time spent in this place.
 B = Non-inter-level travel time spent in this place.
 C = Inter-level travel time spent in this place.
 D = Time resting spent in this place.
 E = Time spent auto-exploring this place.
 F = Levels seen in this place.
 G = Mean time per level.
                   A        B        C        D        E       F      G
               +--------+--------+--------+--------+--------+-----+--------+
         Total |   1699 |   1546 |    153 |    118 |   1004 |   2 |  849.5 |
       Dungeon |   1699 |   1546 |    153 |    118 |   1004 |   2 |  849.5 |
               +--------+--------+--------+--------+--------+-----+--------+

Top non-repeatable levels by time:
     D:1: 946 daAuts
     D:2: 753 daAuts
